Cogmind - Beta 14 --- EXPLORER MODE // 2024.09.21 @ 19:34:15 Player: JustYourOrdinaryPerson Result: Destroyed by S-10 Pest with Light Assault Rifle Performance ------------- Evolutions (0) 0 Regions Visited (3) 600 Robots Destroyed (12) 60 Value Destroyed (404) 404 Prototype IDs (0) 0 Alien Tech Used (0) 0 Bonus (0) 0 TOTAL SCORE: 1064 Bonus ------- None Cogmind --------- Core Integrity 0/250 Matter 291/300 Energy 100/100 System Corruption 0% Temperature Cool (9) Movement Core (200) Ox3 Location -10/Subcaves Parts ------- > --- POWER (1) -------- (None) > --- PROPULSION (2) --- (None) > --- UTILITY (3) ------ Medium Storage Unit Targeting Computer > --- WEAPON (2) ------- (None) > --- INVENTORY (10) --- Ion Engine Light Ion Engine Subdweller Power Source Heat Sink Subdweller Optics Medium Laser Assault Rifle Mining Laser Peak State ------------ > --- POWER ------------ Ion Engine > --- PROPULSION ------- Light Treads Light Treads > --- UTILITY ---------- Medium Storage Unit Structural Scanner Targeting Computer > --- WEAPON ----------- Beam Cannon Barrage Gun > --- INVENTORY -------- Ion Engine Light Ion Engine Heat Sink Subdweller Optics Medium Laser Assault Rifle Mining Laser Flamer [Rating: 11] Favorites ----------- Power Ion Engine Engine Ion Engine Propulsion Light Treads Treads Light Treads Utility Structural Scanner Device Structural Scanner Storage Medium Storage Unit Processor Targeting Computer Weapon Medium Laser Energy Gun Medium Laser Energy Cannon Beam Cannon Ballistic Gun Assault Rifle Special Weapon Flamer Build | -11 -10 -10 -10 ------- Run | Yrd Mat Min Sub Slots Evolved 1 | . 1 . . Power . | . . . . Propulsion . | . . . . Utility 1 | . 1 . . Weapon . | . . . . Parts Attached 15 | 8 1 . 6 Power 4 | 2 . . 2 Engine 4 | 2 . . 2 Core . | . . . . Reactor . | . . . . Propulsion 2 | 2 . . . Treads 2 | 2 . . . Leg . | . . . . Wheel . | . . . . Hover . | . . . . Flight . | . . . . Utility 3 | 2 1 . . Device 1 | 1 . . . Storage 1 | 1 . . . Processor 1 | . 1 . . Hackware . | . . . . Protection . | . . . . Artifact . | . . . . Weapon 6 | 2 . . 4 Energy Gun 1 | 1 . . . Energy Cannon 1 | . . . 1 Ballistic Gun 2 | 1 . . 1 Ballistic Cannon . | . . . . Launcher . | . . . . Special Weapon 2 | . . . 2 Impact Weapon . | . . . . Slashing Weapon . | . . . . Piercing Weapon . | . . . . Special Melee Weapon . | . . . . Unidentified Prototypes . | . . . . Parts Lost 8 | . . . 8 Power 2 | . . . 2 Propulsion 2 | . . . 2 Utility 1 | . . . 1 Weapon 3 | . . . 3 Highest Loss Streak 3 | . . . 3 To Critical Strikes . | . . . . Average Slot Usage (%) 97 | . 100 100 96 Engine 11 | . 12 12 11 Treads 23 | . 25 25 22 Device 11 | . 12 12 11 Storage 12 | . 12 12 12 Processor 12 | . 12 12 12 Energy Gun 8 | . 12 12 6 Energy Cannon 7 | . . . 9 Ballistic Gun 7 | . 12 12 5 Special Weapon 1 | . . . 1 Peak Build Rating 11 | 7 8 8 11 Average Rating 8 | 5 8 8 9 On Entrance 5 | . 7 8 8 Naked Turns . | . . . . Heaviest Build 22 | 20 20 20 22 Greatest Support 40 | 40 40 40 40 Greatest Overweight (x) 6 | . . . 6 Average Overweight (x) . | . . . . Largest Inventory Capacity 10 | 10 10 10 10 Average Capacity 9 | 8 10 10 10 Most Carried 9 | 2 4 4 9 Average Carried 5 | . 1 4 6 Final Capacity 10 | 10 10 10 10 Final Carried 8 | 2 4 4 8 Class Distribution -------------------- 100% | Hacker-Mutant Dominant Class ---------------- Hacker-Mutant | -10/Materials Hacker-Mutant | -10/Mines Hacker-Mutant | -10/Subcaves Resources | -11 -10 -10 -10 ----------- Run | Yrd Mat Min Sub Matter Collected 433 | 242 57 . 134 Remotely . | . . . . Salvage Created 458 | . 57 . 401 Parts 27 | . 8 . 19 Haulers Intercepted . | . . . . Recyclers Shooed . | . . . . Parts Field Recycled . | . . . . Retrieved Matter . | . . . . Parts Self-Destructed . | . . . . Prevented . | . . . . Kills | -11 -10 -10 -10 ------- Run | Yrd Mat Min Sub Combat Hostiles Destroyed 11 | . 2 . 9 Guns 7 | . 2 . 5 Cannons 4 | . . . 4 Classes Destroyed 4 | . 2 . 2 Watcher 1 | . 1 . . Swarmer 2 | . 2 . . Grunt 3 | . . . 3 Subdweller 6 | . . . 6 Best Kill Streak 2 | . 2 . 2 Combat Bots Only 2 | . 2 . 2 Max Kills in Single Turn 1 | . 1 . 1 Gunslinging . | . . . . Exploded . | . . . . Melee . | . . . . Uniques/NPCs Destroyed . | . . . . Combat | -11 -10 -10 -10 -------- Run | Yrd Mat Min Sub Hostile Shots Fired 148 | . 4 . 144 Missed 55 | . 1 . 54 Damage Taken 1022 | . 14 . 1008 Core 252 | . 4 . 248 Absorbed by Shields . | . . . . Ignored by Resistances 598 | . 10 . 588 Core Remaining (%) 100 | 100 . . . Volleys Fired 54 | . 3 2 49 Largest 2 | . 2 2 2 Hottest 128 | . 70 70 128 Shots Fired 100 | . 6 4 90 Gun 58 | . 6 4 48 Cannon 37 | . . . 37 Launcher . | . . . . Special 5 | . . . 5 Kinetic 33 | . 3 2 28 Thermal 67 | . 3 2 62 Explosive . | . . . . Electromagnetic . | . . . . Robot Hit Streak 28 | . 4 . 28 Robot Miss Streak 1 | . 1 . 1 Penetration Max . | . . . . Secondary Targets . | . . . . Shots Hit Robots 85 | . 4 . 81 Core Hits 22 | . 3 . 19 Critical Kills . | . . . . Critical Parts Destroyed . | . . . . Critical Strikes 2 | . . . 2 Burn 2 | . . . 2 Melee Attacks . | . . . . Impact . | . . . . Slashing . | . . . . Piercing . | . . . . Sneak Attacks . | . . . . Combat Hostiles . | . . . . Follow-up Attacks . | . . . . Damage Inflicted 1057 | . 48 . 1009 Guns 591 | . 48 . 543 Cannons 436 | . . . 436 Explosions . | . . . . Melee . | . . . . Ramming . | . . . . Kinetic 343 | . 24 . 319 Thermal 714 | . 24 . 690 Explosive . | . . . . Electromagnetic . | . . . . Impact . | . . . . Slashing . | . . . . Piercing . | . . . . Highest Corruption . | . . . . Average Corruption . | . . . . Corruption Purged . | . . . . Corruption Blocked . | . . . . Overload Shots . | . . . . Overflow Damage . | . . . . Projectiles . | . . . . Explosions . | . . . . Melee . | . . . . Knockbacks . | . . . . Impact . | . . . . Kinetic . | . . . . Secondary . | . . . . Self-Inflicted Damage . | . . . . Shots . | . . . . Rammed . | . . . . Targets Rammed . | . . . . Kicked . | . . . . Crushed . | . . . . Highest Temperature 40 | . 18 18 40 Average Temperature 10 | . 9 10 11 Received Heat Transfer 285 | . . . 285 Siege Activations . | . . . . Robots Corrupted . | . . . . Combat Hostiles . | . . . . Parts Fried . | . . . . Impact Corruptions . | . . . . Robots Melted . | . . . . Combat Hostiles . | . . . . Parts Melted 3 | . . . 3 Heat Transferred 2053 | . 74 . 1979 Parts Sabotaged . | . . . . Parts Stolen . | . . . . Parts Stripped . | . . . . Power Chain Reactions . | . . . . Alert | -11 -10 -10 -10 ------- Run | Yrd Mat Min Sub Peak Influence 102 | . 102 28 . Initial 28 | . . 28 . Average 29 | . 45 28 . Maximum Alert Level . | . . . . Low Security (%) 100 | 100 100 100 . Level 1 . | . . . . Level 2 . | . . . . Level 3 . | . . . . Level 4 . | . . . . Level 5 . | . . . . High Security . | . . . . Max Security . | . . . . Squads Dispatched . | . . . . Investigation . | . . . . Extermination . | . . . . Reinforcement . | . . . . Assault . | . . . . Garrison . | . . . . Intercept . | . . . . Searches Triggered . | . . . . Construction Impeded . | . . . . Haulers Reinforced . | . . . . Active Scanning Responses . | . . . . Cargo Convoy Interrupts . | . . . . Stealth | -11 -10 -10 -10 --------- Run | Yrd Mat Min Sub Distress Signals . | . . . . Communications Jammed . | . . . . Distress Signals . | . . . . Times Spotted 19 | . 4 . 15 Peak Tracking Total 5 | . 2 . 5 Tactical Retreats 2 | . . . 2 Traps | -11 -10 -10 -10 ------- Run | Yrd Mat Min Sub Traps Triggered 1 | . . . 1 Indirectly . | . . . . Trap Hack Attempts . | . . . . Triggered . | . . . . Disarmed . | . . . . Reprogrammed . | . . . . Reused . | . . . . Traps Extracted . | . . . . Installed . | . . . . Triggered . | . . . . Machines | -11 -10 -10 -10 ---------- Run | Yrd Mat Min Sub Machines Disabled . | . . . . Max in Single Turn . | . . . . Machines Repaired . | . . . . Machines Dismantled . | . . . . Machines Sabotaged . | . . . . Overloaded Fab Kills . | . . . . Hacking | -11 -10 -10 -10 --------- Run | Yrd Mat Min Sub Machines Accessed 2 | . 2 . . Terminals 2 | . 2 . . Fabricators . | . . . . Repair Stations . | . . . . Recycling Units . | . . . . Scanalyzers . | . . . . Garrison Access . | . . . . Total Hacks 7 | . 7 . . Successful 4 | . 4 . . Failed 3 | . 3 . . Catastrophic 2 | . 2 . . Database Lockouts . | . . . . Manual 5 | . 5 . . Terminals 7 | . 7 . . Fabricators . | . . . . Repair Stations . | . . . . Recycling Units . | . . . . Scanalyzers . | . . . . Garrison Access . | . . . . Terminal Hacks 4 | . 4 . . Record 3 | . 3 . . Locate Traps 1 | . 1 . . Fabricator Hacks . | . . . . Repair Station Hacks . | . . . . Recycling Unit Hacks . | . . . . Scanalyzer . | . . . . Garrison Access Hacks . | . . . . Unauthorized Hacks . | . . . . Terminals . | . . . . Fabricators . | . . . . Repair Stations . | . . . . Recycling Units . | . . . . Scanalyzers . | . . . . Garrison Access . | . . . . Data Cores Recovered . | . . . . Used . | . . . . Hacking Detections 2 | . 2 . . Full Trace Events 1 | . 1 . . Feedback Events . | . . . . Feedback Blocked . | . . . . Robot Schematics Acquired . | . . . . Robots Built . | . . . . Authchips . | . . . . Time . | . . . . Total Robot Build Rating . | . . . . Part Schematics Acquired . | . . . . Parts Built . | . . . . Authchips . | . . . . Time . | . . . . Total Part Build Rating . | . . . . Parts Repaired . | . . . . Time . | . . . . Parts Recycled . | . . . . Recycled Matter . | . . . . Retrieved Matter . | . . . . Retrieved Components . | . . . . Parts Scanalyzed . | . . . . Part Schematics Acquired . | . . . . Parts Damaged . | . . . . Bothacking | -11 -10 -10 -10 ------------ Run | Yrd Mat Min Sub Used RIF Installer . | . . . . Robots Hacked . | . . . . Non-combat . | . . . . Combat . | . . . . Robot Hacks Applied . | . . . . Relay Couplers Released . | . . . . Fabnet Peak Effective % . | . . . . Robots Rewired . | . . . . Allies Hacked . | . . . . Hacks Repelled . | . . . . Allies | -11 -10 -10 -10 -------- Run | Yrd Mat Min Sub Total Allies . | . . . . Largest Group . | . . . . Highest-Rated Group . | . . . . Highest-Rated Ally . | . . . . Total Orders . | . . . . Ally Attacks . | . . . . Total Damage . | . . . . Kills . | . . . . Allies Corrupted . | . . . . Allies Melted . | . . . . Intel | -11 -10 -10 -10 ------- Run | Yrd Mat Min Sub Robot Analysis Total . | . . . . Derelict Logs Recovered 2 | . . . 2 Drone Launches . | . . . . Drone Recoveries . | . . . . Exploration | -11 -10 -10 -10 ------------- Run | Yrd Mat Min Sub Turns Passed 2163 | 116 269 309 1469 Spaces Moved 1172 | 65 161 169 777 Core 21 | 1 . . 20 Treads 1151 | 64 161 169 757 Legs . | . . . . Wheels . | . . . . Hover . | . . . . Flight . | . . . . Fastest Speed 50 | 50 160 160 160 Average Speed 165 | 158 160 160 168 Slowest Speed 350 | 160 160 160 350 Overloaded Moves . | . . . . Propulsion Burnouts . | . . . . Robots Hopped . | . . . . Cave-ins Triggered . | . . . . Exploration Rate (%) 38 | 4 47 42 60 Regions Visited 3 Branch Regions 2 Pre-discovered Areas 1 | . . . 1 Known Exits Taken 3 | 1 1 1 . Unknown Exits Taken . | . . . . Scrap Searched 3 | . . . 3 Spaces Dug . | . . . . Terrain Destroyed . | . . . . Melee . | . . . . Projectile . | . . . . AOE . | . . . . Terrain Rammed . | . . . . Walls Destroyed . | . . . . Machines Disabled . | . . . . Actions | -11 -10 -10 -10 --------- Run | Yrd Mat Min Sub Total 1285 | 74 167 204 840 Wait 36 | . . 34 2 Move 1169 | 64 160 168 777 Hop . | . . . . Pick Up 9 | 2 3 . 4 Fast Attach 8 | 7 . . 1 Attach 2 | . 1 . 1 Detach . | . . . . Swap 5 | 1 . . 4 Drop . | . . . . Fire 54 | . 3 2 49 Melee . | . . . . Ram . | . . . . Kick . | . . . . Crush . | . . . . Escape Stasis . | . . . . Rewire 2 | . . . 2 Trap . | . . . . Miscellaneous . | . . . . Route ------- -11/Scrapyard -10/Materials -10/Mines (discovered 2 exits: *Mat / *Sub) -10/Subcaves (discovered 2 exits: *Mat x2) History --------- Turn | Location | Event 10 | -11/Scrapyard | Identified exit to Materials 10 | -11/Scrapyard | Discovered exit to Materials (range 13) 117 | -11/Scrapyard | Entered Materials 117 | -10/Materials | Evolved 1 slot: Utility x1 297 | -10/Materials | Identified exit to Mines 297 | -10/Materials | Discovered exit to Mines (range 9) 309 | -10/Materials | Build established: Hacker-Mutant 386 | -10/Materials | Entered Mines 415 | -10/Mines | Identified exit to Materials 415 | -10/Mines | Discovered exit to Materials (range 10) 635 | -10/Mines | Identified exit to Subcaves 635 | -10/Mines | Discovered exit to Subcaves (range 8) 695 | -10/Mines | Entered Subcaves 698 | -10/Subcaves | A swath of the cavern ceiling suddenly collapsed 849 | -10/Subcaves | A swath of the cavern ceiling suddenly collapsed 1237 | -10/Subcaves | Identified exit to Materials 1237 | -10/Subcaves | Discovered exit to Materials (range 8) 1389 | -10/Subcaves | Learned 2 Materials zone layouts 1814 | -10/Subcaves | Discovered exit to Materials (range 7) 2092 | -10/Subcaves | Core integrity fell below 50% 2126 | -10/Subcaves | Lost 3 parts (2p1n) 2155 | -10/Subcaves | Core integrity fell below 20% 2164 | -10/Subcaves | Destroyed by S-10 Pest with Light Assault Rifle Last Messages --------------- 01814_ EXIT=FOUND: MATERIALS 01938_ Disposable Heat Sink melted. 01938_ TA-EVA(R) destroyed. 01939_ Lgt. Treads destroyed. 01949_ Beam Cannon destroyed. 01963_ TK-FCB(R) destroyed. 01976_ Acquired 44 matter. 01979_ Acquired 24 matter. 02007_ Subatomizers dissect the Sub. Monowheel. 02070_ Ion Engine destroyed. 02073_ Acquired Ion Engine. 02089_ Lgt. Treads destroyed. 02095_ Ion Engine destroyed. 02118_ Sub. Power Source melted. 02118_ F8-IGD(R) destroyed. 02150_ Flamer destroyed. 02152_ Barrage Gun destroyed. 02154_ S-10 Pest destroyed. 02158_ Structural Scanner destroyed. 02161_ Critical hit (Burn: +37). Map ----- +----------------------------------------------------+ | ????????????## ##??????????????????? | | ????????????## #### ###??????????????????? | | ????????????### %############??????????????????? | | ????????????### #####?#####???????????????????? | | ????????????### ###???#####???????????????????? | | ???????????#### ### ? ##???????????????????? | | ??????????#### ## ##???????????????????? | | ?????????#### % ###???????????????????? | | ????????#### %%##????????????????????? | | ????????### ####### ##????????????????????? | | ????????## ##############????????????????????? | | ????????### &#####??????####????????????????????? | | ????????### [%###????????????????????????????????? | | ????????### !#####??????????????????????????????? | | ????????## #####??????????????????????????????? | | ????????### ##??????????????????????????????? | | ????????### ##??????????????????????????????? | | ?????????### ###??????????????????????????????? | | ?????????#### ###??????????????????????????????? | | ?????????#### #####???????????????? ??????????? | | ?????????#### #####?????????????? #??????????? | | ?????????## #######??????? ???????????? | | ?????????## ########???? ??????????????? | | ?????????## ## ####? ##???????????????? | | ?????????####### ## ####?????????????? | | ?????????####### @ % ##?????????????? | | ?????????????### ###?????????????? | | ?????????????## ### ###??????????????? | | ?????????????## % ####?####??????????????? | | ?????????????## ###?##"???????????????? | | ?????????????### ##???????????????????? | | ?????????????#### s###???????????????????? | | ??????????????### ##s *##???????????????????? | | ???????????????## ### =% ???????????????????? | | ???????????????# #### Y[ ???????????????????? | | ??????????????? ####? ??????????????????? | | ?????????????? ###?? ##????????????????? | | ?????????????? ###??? ##????????????????? | | ??????????????### ###????#### #????????????????? | | ??????????????######??????### ???????????????????? | | ????????????????###??????????????????????????????? | | ?????????????????????????????????????????????????? | | ?????????????????????????????????????????????????? | | ?????????????????????????????????????????????????? | | ?????????????????????????????????????????????????? | | ?????????????????????????????????????????????????? | | ?????????????????????????????????????????????????? | | ?????????????????????????????????????????????????? | | ?????????????????????????????????????????????????? | | ?????????????????????????????????????????????????? | +----------------------------------------------------+ Best States ------------- Heat Dissipation 25 Energy Generation 10 Energy Capacity 250 Matter Stores 300 Matter Capacity 300 Sight Range 16 Terrain Scan Density 10 Resistance: KI 35 Resistance: TH 35 Resistance: EX 35 Resistance: EM 35 Resistance: I 35 Resistance: S 35 Resistance: P 35 Evasion (%) 40 Targeting Accuracy 5 Recoil Reduction 2 Offensive Hacking 20 Item Schematics ----------------- None Robot Schematics ------------------ None Fabricated ------------ Nothing Alien Tech Used ----------------- None Achievements -------------- None Challenges ------------ None Game ------ Seed DispersionAssembledExpander Manual? 0 Play Time 00:17:05 Cumulative 12.5 hours Start 2024.09.21 @ 15:02:39 End 2024.09.21 @ 19:34:15 Sessions 1 Manual Loads 0 Difficulty Explorer Special Mode None Game No. 25 Rogue 2 Adventurer 0 Explorer 23 Win Type - Total 0 Types 0/0/0/0/0/0/0/0/0 Lore% 21 Gallery% 18 Achievement% 21 Wizard Run 0 Options --------- Layout 2 ASCII 0 Keyboard 1 Movement Numpad Keybinds 1 Fullscreen 2 Font 24/Proggy Map View 50x44 Zoom Use 0% Tactical HUD 1 Map Filters NONE Filters NONE Steam 0 RUN: 620805d4-348d-49ce-a9f4-6040a1ac50d0